 Dungeon Crawl Stone Soup version 0.28-a0-1555-g9ae15a6949 (webtiles) character file.

Game seed: 2805960837242350841

335 zazu2006 the Magician (level 6, -11/49 HPs)
             Began as a Naga Hedge Wizard on Jan 18, 2022.
             Mangled by a gnoll (12 damage)
             ... on level 4 of the Dungeon.
             The game lasted 00:04:30 (2892 turns).

zazu2006 the Magician (Naga Hedge Wizard)           Turns: 2892, Time: 00:04:31

Health: -11/49     AC:  3    Str: 12    XL:     6   Next: 53%
Magic:  2/13       EV:  9    Int: 16    God:
Gold:   51         SH:  0    Dex: 11    Spells: 6/15 levels left

rFire   . . .      SeeInvis +   n - +4 dagger
rCold   . . .      Faith    .   (no shield)
rNeg    . . .      Spirit   .   a - +0 leather armour
rPois   +          Reflect  .   c - +0 hat
rElec   .          Harm     .   e - scarf {shadows}
rCorr   .          Rampage  .   (no gloves)
Will    .....                   (no barding)
Stlth   ++........              (no amulet)
HPRegen 0.16/turn               (no ring)
MPRegen 0.13/turn               (no ring)

@: mighty, short of breath, very slow
A: AC +2, large, see invisible, deformed body, poison resistance, slowness 2,
spit poison 1, naga tail 1
a: Spit Poison


You were on level 4 of the Dungeon.
You visited 1 branch of the dungeon, and saw 3 of its levels.

You collected 51 gold pieces.

Inventory:

Hand Weapons
 n - a +4 dagger (weapon)
Missiles
 d - 56 stones
Armour
 a - a +0 leather armour (worn)
 b - a +0 robe
 c - a +0 hat (worn)
 e - a scarf of shadows (worn)
Scrolls
 h - a scroll of fear {unknown}
 l - a scroll of teleportation {unknown}
 m - a scroll of identify {unknown}
Potions
 f - a potion of magic {unknown}
 g - 2 potions of curing {unknown}
 i - a potion of degeneration {unknown}
 j - a potion of ambrosia {unknown}


   Skills:
 + Level 0.1 Fighting
 - Level 0.1 Short Blades
 + Level 0.2 Armour
 + Level 2.6 Dodging
 + Level 3.3 Stealth
 + Level 5.0 Spellcasting
 + Level 3.2 Conjurations
 + Level 1.0 Summonings
 + Level 1.0 Translocations
 * Level 1.4 Poison Magic


You had 6 spell levels left.
You knew the following spells:

 Your Spells              Type           Power      Damage    Failure   Level
a - Magic Dart            Conj           56%        1d5       4%          1
b - Mephitic Cloud        Conj/Pois/Air  9%         N/A       30%         3
c - Conjure Flame         Conj/Fire      9%         6-21      30%         3
d - Blink                 Tloc           14%        N/A       19%         2

Your spell library contained the following spells:

 Spells                   Type           Power      Damage    Failure   Level
 Slow                     Hex            16%        N/A       19%         1
 Call Imp                 Summ           7%         N/A       19%         2


Dungeon Overview and Level Annotations

Branches:
Dungeon (4/15)
 Temple: D:4-7

Altars:


Innate Abilities, Weirdness & Mutations

Your serpentine skin is tough. (AC +2)
You have supernaturally acute eyesight. (SInv)
Armour fits poorly on your strangely shaped body.
Your system is resistant to poisons. (rPois)
You cover ground very slowly.
You can spit poison.
You have a snake-like lower body.


Message History

The gnoll shaman is severely wounded.
Casting: Magic Dart (safe; 5% risk of failure)
Confirm with . or Enter, or press ? or * to list all spells.
Aiming: Magic Dart (safe; 5% risk of failure)
Press: ? - help, Shift-Dir - straight line, f/p - gnoll shaman
Aim: a gnoll shaman, wielding a +0 whip and wearing a +0 leather armour (severely wounded, confused, 100% to hit)
The magic dart hits the gnoll shaman.
The gnoll shaman is almost dead.
The gnoll shaman hits the gnoll with a +0 whip!
Casting: Magic Dart (safe; 5% risk of failure)
Confirm with . or Enter, or press ? or * to list all spells.
Aiming: Magic Dart (safe; 5% risk of failure)
Press: ? - help, Shift-Dir - straight line, f/p - gnoll shaman
Aim: a gnoll shaman, wielding a +0 whip and wearing a +0 leather armour (almost dead, confused, 100% to hit)
The magic dart hits the gnoll shaman.
The gnoll shaman is almost dead.
Casting: Magic Dart (safe; 5% risk of failure)
Confirm with . or Enter, or press ? or * to list all spells.
Aiming: Magic Dart (safe; 5% risk of failure)
Press: ? - help, Shift-Dir - straight line, f/p - gnoll shaman
Aim: a gnoll shaman, wielding a +0 whip and wearing a +0 leather armour (almost dead, confused, 100% to hit)
The magic dart hits the gnoll shaman.
The gnoll shaman is almost dead.
You catch the helpless gnoll shaman completely off-guard!
You puncture the gnoll shaman!
You kill the gnoll shaman!
Your Spellcasting skill increases to level 5!
Aiming: Spit Poison (1% risk of failure)
Press: ? - help, Shift-Dir - straight line, f - gnoll
Aim: a gnoll, wielding a +0 club (severely wounded, fast, 65% to hit)
The splash of poison hits the gnoll!
The gnoll is poisoned.
You kill the gnoll!
You hit the gnoll.
The gnoll is moderately wounded.
The gnoll hits you with a +0 flail!
* * * LOW HITPOINT WARNING * * *
You barely miss the gnoll.
The gnoll is moderately wounded.
The gnoll hits you with a +0 flail!
You die...

#...#<#.# ## #..#.#
# ##...######.
#.......... #
#.g######## ####
.....#g# #....
#....#.# #.###
#....#.#############
#
#.##.#.....)g@......
. # ###############
##


You could see a gnoll.

Vanquished Creatures
  A phantom (D:4)
  A scorpion (D:4)
  A hound (D:4)
  A gnoll shaman (D:4)
  2 iguanas (D:4)
  An adder (D:4)
  2 gnolls (D:4)
  An ufetubus (D:4)
  2 worms (D:4)
  A dart slug (D:1)
  An orc (D:4)
  2 bats (D:1)
  4 endoplasms (D:1)
  A giant cockroach (D:1)
  3 goblins
  4 hobgoblins
  5 jackals
  3 kobolds
  3 quokkas
  3 ball pythons
  2 frilled lizards (D:1)
  9 rats
53 creatures vanquished.

Notes
Turn   | Place    | Note
-------+----------+-------------------------------------------
     0 | D:1      | zazu2006 the Naga Hedge Wizard began the quest for the Orb.
     0 | D:1      | Reached XP level 1. HP: 15/15 MP: 4/4
   302 | D:1      | Reached XP level 2. HP: 22/22 MP: 4/6
  1066 | D:1      | Reached XP level 3. HP: 28/28 MP: 6/8
  1289 | D:1      | Found a faded altar of an unknown god.
  1654 | D:2      | You fall into a shaft and drop 2 floors!
  1666 | D:4      | Reached skill level 4 in Spellcasting
  1666 | D:4      | Reached XP level 4. HP: 36/36 MP: 7/10
  1842 | D:4      | Noticed a scorpion
  1852 | D:4      | Killed a scorpion
  1853 | D:4      | Reached XP level 5. HP: 24/42 MP: 2/11
  2127 | D:4      | Learned a level 3 spell: Mephitic Cloud
  2131 | D:4      | Learned a level 3 spell: Conjure Flame
  2134 | D:4      | Learned a level 2 spell: Blink
  2184 | D:4      | Noticed a phantom
  2209 | D:4      | Killed a phantom
  2210 | D:4      | Reached skill level 1 in Poison Magic
  2210 | D:4      | Reached XP level 6. HP: 16/49 MP: 7/13
  2889 | D:4      | Reached skill level 5 in Spellcasting
  2891 | D:4      | HP: 1/49 [gnoll (13)]
  2892 | D:4      | Mangled by a gnoll

Illustrated notes

Levels and vault maps discovered:
D:1:      minmay_arrival_split_and_join, layout_basic,
          chequers_ecumenical_altar_grove
D:2:      layout_loops_ring
D:4:      layout_loops_ring

Skill      XL: |  1  2  3  4  5  6 |
---------------+-------------------+-----
Spellcasting   | 4 5 |  5.0
Conjurations   | 2 3 |  3.2
Dodging        | 2 |  2.6
Poison Magic   | 1 |  1.4
Fighting       | |  0.1
Short Blades   | |  0.1
Armour         | |  0.2
Stealth        | |  3.3
Summonings     | |  1.0
Translocations | |  1.0

Action                   |  1- 3 |  4- 6 || total
-------------------------+-------+-------++-------
Melee: Dagger            |     2 |    30 ||    32
 Cast: Magic Dart        |    78 |    76 ||   154
       Mephitic Cloud    |       |     1 ||     1
 Abil: Spit Poison       |     8 |     4 ||    12
  Use: Potion            |       |     2 ||     2
 Stab: Sleeping          |     1 |       ||     1
       Confused          |       |     1 ||     1
Armor: Robe              |     5 |     3 ||     8
       Leather armour    |       |     7 ||     7
Dodge: Dodged            |    11 |    20 ||    31

Table legend: (Time is in decaauts)
 A = Elapsed time spent in this place.
 B = Non-inter-level travel time spent in this place.
 C = Inter-level travel time spent in this place.
 D = Time resting spent in this place.
 E = Time spent auto-exploring this place.
 F = Levels seen in this place.
 G = Mean time per level.
                   A        B        C        D        E       F      G
               +--------+--------+--------+--------+--------+-----+--------+
         Total |   3220 |   3205 |     15 |    168 |   2614 |   3 | 1073.3 |
       Dungeon |   3220 |   3205 |     15 |    168 |   2614 |   3 | 1073.3 |
               +--------+--------+--------+--------+--------+-----+--------+

Top non-repeatable levels by time:
     D:1: 1532 daAuts
     D:4: 1337 daAuts
     D:2: 351 daAuts
